AoeStats
← B-77

MegaRandom

509109549Analyzed
3v3 RM · 6d ago on Sep 25, 2026· 49m 46s· 6 players
Game mode
Random Map
Map size
Normal (6 player)
Population
200
Speed
Normal
Resources
Standard
Victory
Conquest
Starting age
Dark Age
Ending age
Imperial Age
RankedLock teamsTeams togetherTeam positionsShared explorationLock speedFull tech treeHidden civsTurbo modeCheats
Victory
Defeat
🇪🇸 Spanish · Spain
956
+16
🇨🇱 Burgundians · Chile
934
+17
🇲🇽 Burmese · Mexico
931
+17
🇨🇳 Japanese · China
1006
-18
🇨🇳 Teutons · China
991
-18
🇨🇳 Maya · China
897
-14
Zeus GX
3:02 Loom
10:38 Feudal Age
16:54 Castle Age
15:10 Horse Collar
16:21 Gold Mining
20:02 Wheelbarrow
25:20 Treadmill Crane
29:22 Fletching
34:36 Imperial Age
32:29 Bloodlines
34:04 Forging
34:00 Scale Barding Armor
33:53 Bodkin Arrow
33:56 Murder Holes
35:41 Conscription
36:33 Bracer
39:10 Hand Cart
39:33 Gold Shaft Mining
39:09 Padded Archer Armor
41:43 Ballistics
42:24 Chemistry
42:34 Elite Arambai
44:04 Husbandry
46:29 Light Cavalry
47:31 Chain Barding Armor
47:47 Iron Casting
47:12 Hussar
48:07 Heavy Plow
49:59 Plate Barding Armor
50:30 Blast Furnace
XITRO
10:47 Feudal Age
10:04 Double-Bit Axe
10:02 Horse Collar
12:14 Loom
17:05 Castle Age
15:59 Stone Mining
19:11 Wheelbarrow
19:48 Gold Mining
22:17 Heavy Plow
23:05 Bow Saw
24:37 Hand Cart
26:14 Two-Man Saw
27:01 Fervor
27:34 Crop Rotation
29:03 Murder Holes
29:29 Ballistics
33:21 Imperial Age
30:33 Treadmill Crane
31:19 Town Watch
32:12 Gold Shaft Mining
32:00 Forging
31:55 Scale Barding Armor
31:42 Fletching
31:52 Padded Archer Armor
31:53 Scale Mail Armor
32:07 Masonry
33:24 Iron Casting
33:17 Scale Mail Armor
35:10 Chemistry
34:53 Town Patrol
34:52 Bodkin Arrow
37:07 Blast Furnace
35:41 Elite Coustillier
36:43 Conscription
36:36 Burgundian Vineyards
37:08 Hoardings
37:22 Chain Barding Armor
37:38 Architecture
37:20 Fortified Wall
42:50 Stone Shaft Mining
42:37 Bombard Tower
44:22 Plate Barding Armor
43:48 Bracer
47:55 Chain Mail Armor
49:50 Guard Tower
49:45 Arrowslits
50:06 Siphons
50:12 Clinker Construction
50:12 Careening
50:36 Plate Mail Armor
50:21 Leather Archer Armor
50:30 Sanctity
Dont_forget_me
5:17 Loom
10:36 Feudal Age
11:05 Feudal Age
13:03 Wheelbarrow
16:03 Castle Age
18:28 Double-Bit Axe
18:35 Gold Mining
18:28 Horse Collar
23:41 Fletching
23:52 Padded Archer Armor
26:04 Bow Saw
26:13 Heavy Plow
27:20 Fervor
28:03 Stone Mining
28:26 Bodkin Arrow
29:47 Wheelbarrow
29:03 Town Watch
33:34 Imperial Age
32:15 Hand Cart
35:03 Conscription
35:32 Ballistics
36:12 Chemistry
35:29 Leather Archer Armor
38:12 Elite Conquistador
41:54 Town Patrol
42:29 Ring Archer Armor
42:00 Bracer
42:05 Scale Barding Armor
42:11 Forging
42:02 Scale Mail Armor
Bbing
0:28 Loom
10:39 Feudal Age
15:42 Castle Age
14:58 Double-Bit Axe
17:25 Stone Mining
19:17 Wheelbarrow
20:49 Horse Collar
21:42 Town Watch
24:40 Bow Saw
24:45 Gold Mining
25:54 Heavy Plow
31:35 Imperial Age
30:11 Bloodlines
30:14 Forging
30:04 Scale Mail Armor
30:09 Scale Barding Armor
32:38 Elite Teutonic Knight
34:24 Hand Cart
34:09 Town Patrol
34:52 Conscription
34:51 Scale Barding Armor
35:20 Crenellations
38:31 Iron Casting
38:17 Chain Barding Armor
38:32 Iron Casting
38:17 Chain Barding Armor
39:01 Cavalier
42:09 Blast Furnace
41:44 Plate Barding Armor
42:09 Blast Furnace
41:42 Paladin
44:21 Plate Barding Armor
拾分
0:28 Loom
11:37 Feudal Age
12:25 Double-Bit Axe
12:23 Horse Collar
19:55 Castle Age
18:27 Forging
18:38 Scale Mail Armor
18:29 Arson
18:57 Stone Mining
20:01 Gold Mining
24:01 Heavy Plow
26:17 Gold Shaft Mining
34:25 Imperial Age
32:39 Iron Casting
32:20 Chain Mail Armor
32:57 Fletching
33:35 Squires
34:28 Wheelbarrow
33:38 Town Watch
34:18 Yasama
34:32 Bodkin Arrow
35:30 Conscription
37:14 Elite Samurai
40:10 Blast Furnace
39:43 Plate Mail Armor
41:56 Caravan
43:01 Bracer
B-77
13:57 Feudal Age
15:18 Horse Collar
15:27 Double-Bit Axe
16:08 Stone Mining
16:10 Gold Mining
22:12 Castle Age
24:17 Heavy Plow
24:30 Bow Saw
24:58 Stone Shaft Mining
31:35 Imperial Age
29:56 Wheelbarrow
31:59 Hand Cart
32:14 Padded Archer Armor
32:05 Fletching
34:07 Crop Rotation
34:40 Two-Man Saw
34:09 Thumb Ring
33:56 Crossbowman
35:01 Conscription
35:04 Elite Plumed Archer
36:31 Arbalester
38:01 Bodkin Arrow
38:21 Leather Archer Armor
45:02 Caravan
45:13 Guilds
Connection lost

Rejoining the realm…

Still unreachable

The connection could not be restored.

Session expired

The server has moved on; the page needs a fresh start.